 Dungeon Crawl Stone Soup version 0.28-a0-906-g0406aca7d3 (webtiles) character file.

Game seed: 13099521457835245533

178 Crownlay the Digger (level 5, -3/28 HPs)
             Began as a Gargoyle Earth Elementalist on Nov 23, 2021.
             Slain by an orc wizard (4 damage)
             ... on level 3 of the Dungeon.
             The game lasted 00:03:00 (2399 turns).

Crownlay the Digger (Gargoyle Earth Elementalist)   Turns: 2399, Time: 00:03:01

Health: -3/28      AC:  6    Str: 12    XL:     5   Next: 58%
Magic:  2/11       EV: 11    Int: 16    God:
Gold:   57         SH:  0    Dex: 10    Spells: 11/12 levels left

rFire   . . .      SeeInvis .   j - +4 spear (vorpal)
rCold   . . .      Faith    .   (no shield)
rNeg    + . .      Spirit   .   b - +0 robe
rPois   ∞          Reflect  .   (no helmet)
rElec   +          Harm     .   (no cloak)
rCorr   .          Rampage  .   (no gloves)
Will    .....                   (no boots)
Stlth   ++........              (no amulet)
HPRegen 0.09/turn               (no ring)
MPRegen 0.12/turn               (no ring)

@: no status effects
A: sickness immunity, AC +4, negative energy resistance 1, electricity
resistance, torment resistance 1, petrification resistance
a: no special abilities


You were on level 3 of the Dungeon.
You visited 1 branch of the dungeon, and saw 3 of its levels.

You collected 57 gold pieces.

Inventory:

Hand Weapons
 j - a +4 vorpal spear (weapon)
Armour
 b - a +0 robe (worn)
Scrolls
 d - a scroll of noise
 g - a scroll of holy word {unknown}
 h - a scroll of teleportation {unknown}
 i - a scroll of identify {unknown}
 l - a scroll of immolation {unknown}
 m - a scroll of enchant weapon {unknown}
 o - a scroll of acquirement {unknown}
 p - 3 scrolls of amnesia {unknown}
Potions
 a - 2 potions of ambrosia {unknown}
 e - a potion of curing {unknown}
 f - a potion of berserk rage {unknown}
 k - 2 potions of attraction {unknown}
 n - 3 potions of invisibility {unknown}


   Skills:
 - Level 1.5 Dodging
 - Level 2.1 Stealth
 * Level 4.4 Spellcasting
 - Level 0.7 Transmutations
 + Level 5.1 Earth Magic


You had 11 spell levels left.
You knew the following spells:

 Your Spells              Type           Power      Damage    Failure   Level
a - Sandblast             Erth           38%        2d10      1%          1

Your spell library contained the following spells:

 Spells                   Type           Power      Damage    Failure   Level
 Passwall                 Tmut/Erth      10%        N/A       8%          2
 Freeze                   Ice            12%        1d4       16%         1
 Stone Arrow              Conj/Erth      22%        3d8       17%         3
 Frozen Ramparts          Ice            6%         1d2       43%         3
 Petrify                  Tmut/Erth      12%        N/A       43%         4
 Hailstorm                Conj/Ice       3%         3d3       85%         4


Dungeon Overview and Level Annotations

Branches:
Dungeon (3/15)

Altars:
Makhleb


Innate Abilities, Weirdness & Mutations

You are immune to sickness and miasma.
Your stone body is resilient. (AC +4)
You are immune to poison.
You resist negative energy. (rN+)
You are resistant to electric shocks. (rElec)
You are resistant to unholy torment.
You are immune to petrification.


Message History

You hear some strange, mumbled words.
Something tries to affect you, but you resist.
Casting: Sandblast (safe; 1% risk of failure)
Confirm with . or Enter, or press ? or * to list all spells.
Aiming: Sandblast (safe; 1% risk of failure)
Press: ? - help, Shift-Dir - straight line, f/p - orc
Aim: an orc, wielding a +0 hand axe (79% to hit)
The blast of sand hits the orc!
You kill the orc!
You hear some strange, mumbled words.
A magic dart appears from out of thin air!
The magic dart hits you.
* * * LOW HITPOINT WARNING * * *
Casting: Sandblast (safe; 1% risk of failure)
Confirm with . or Enter, or press ? or * to list all spells.
Okay, then.
Casting: Sandblast (safe; 1% risk of failure)
Confirm with . or Enter, or press ? or * to list all spells.
Aiming: Sandblast (safe; 1% risk of failure)
Press: ? - help, Shift-Dir - straight line Something hits you.
* * * LOW HITPOINT WARNING * * *
Casting: Sandblast (safe; 1% risk of failure)
Confirm with . or Enter, or press ? or * to list all spells.
Aiming: Sandblast (safe; 1% risk of failure)
Press: ? - help, Shift-Dir - straight line You now have no stones remaining.
Something hits you but does no damage.
Casting: Sandblast (safe; 1% risk of failure)
Confirm with . or Enter, or press ? or * to list all spells.
You don't have any stones to cast with.
Casting: Sandblast (safe; 1% risk of failure)
Confirm with . or Enter, or press ? or * to list all spells.
You don't have any stones to cast with.
Casting: Sandblast (safe; 1% risk of failure)
Confirm with . or Enter, or press ? or * to list all spells.
You don't have any stones to cast with.
Reach: j) +4 spear (vorpal)
Press: ? - help, Dir - move target You closely miss something.
Something hits you.
You die...

..... .... ..... #...
#....# #..# +..... ...#
.... #..#### ..##.....##
#........# #{)).....#
#@)$†....# ...
#........###. ...###
###............ ......
..#.....>..####
......#######.###..(.....#
............#.# #........#
............#'###........#
.......................###
#######.................#


There were no monsters in sight!

Vanquished Creatures
  Natasha (twice) (D:2)
  An orc wizard (D:3)
  4 adders (D:2)
  A worm (D:2)
  3 dart slugs
  5 orcs (D:3)
  3 ball pythons
  A bat (D:2)
  4 endoplasms
  3 giant cockroaches
  3 goblins
  5 hobgoblins
  6 kobolds
  3 quokkas
  9 frilled lizards
  2 rats
55 creatures vanquished.

Notes
Turn   | Place    | Note
-------+----------+-------------------------------------------
     0 | D:1      | Crownlay the Gargoyle Earth Elementalist began the quest
                  | for the Orb.
     0 | D:1      | Reached XP level 1. HP: 10/10 MP: 3/3
   209 | D:1      | Reached XP level 2. HP: 15/15 MP: 1/5
   630 | D:1      | Reached skill level 4 in Earth Magic
   763 | D:1      | Reached XP level 3. HP: 16/19 MP: 7/7
  1489 | D:2      | Found a faded altar of an unknown god.
  1608 | D:2      | Found a burning altar of Makhleb.
  1624 | D:2      | Reached XP level 4. HP: 24/24 MP: 9/9
  1686 | D:2      | Noticed Natasha
  1693 | D:2      | Killed Natasha
  2085 | D:2      | Noticed Natasha
  2096 | D:2      | Killed Natasha
  2097 | D:2      | Reached XP level 5. HP: 26/28 MP: 7/11
  2388 | D:3      | Reached skill level 5 in Earth Magic
  2397 | D:3      | HP: 1/28 [something (2)]
  2399 | D:3      | Slain by an orc wizard

Illustrated notes

Levels and vault maps discovered:
D:1:      saegor_arrival_simple_e, layout_loops_ring,
          chequers_serial_rivers_small_a
D:2:      layout_basic, basic_altar, hellmonk_ecumenical_altar_zigzags,
          hangedman_feature_mirror, uniq_natasha
D:3:      layout_basic, okawaru_metal_pillars_3, gup_sewer_entry_spiral,
          kennysheep_jessica_study

Skill      XL: |  1  2  3  4  5 |
---------------+----------------+-----
Earth Magic    | 4 5 |  5.1
Spellcasting   | 3 4 |  4.4
Dodging        | |  1.5
Stealth        | |  2.1
Transmutations | |  0.7

Action                   |  1- 3 |  4- 6 || total
-------------------------+-------+-------++-------
Melee: Dagger            |    77 |       ||    77
       Spear             |    12 |    31 ||    43
 Cast: Sandblast         |    18 |    30 ||    48
  Use: Scroll            |       |     1 ||     1
 Stab: Sleeping          |     3 |     3 ||     6
Armor: Robe              |    25 |    16 ||    41
Dodge: Dodged            |    48 |    25 ||    73

Table legend: (Time is in decaauts)
 A = Elapsed time spent in this place.
 B = Non-inter-level travel time spent in this place.
 C = Inter-level travel time spent in this place.
 D = Time resting spent in this place.
 E = Time spent auto-exploring this place.
 F = Levels seen in this place.
 G = Mean time per level.
                   A        B        C        D        E       F      G
               +--------+--------+--------+--------+--------+-----+--------+
         Total |   2403 |   2355 |     48 |      0 |   1945 |   3 |  801.0 |
       Dungeon |   2403 |   2355 |     48 |      0 |   1945 |   3 |  801.0 |
               +--------+--------+--------+--------+--------+-----+--------+

Top non-repeatable levels by time:
     D:2: 1278 daAuts
     D:1: 1003 daAuts
     D:3: 120 daAuts
